 Dungeon Crawl Stone Soup version 0.29.1-2-gbd0b4ee654 (webtiles) character file.

Game seed: 4646580544056589550

2240 Arctor the Fighter (level 9, -1/72 HPs)
             Began as a Minotaur Fighter on Oct 27, 2022.
             Slain by a yak (13 damage)
             ... on level 6 of the Dungeon.
             The game lasted 00:04:55 (5246 turns).

Arctor the Fighter (Minotaur Fighter)               Turns: 5246, Time: 00:04:56

Health: -1/72      AC: 18    Str: 31    XL:     9   Next: 14%
Magic:  8/8        EV:  7    Int:  5    God:
Gold:   333        SH:  5    Dex: 10    Spells: 8/8 levels left

rFire   . . .      SeeInvis +   a - +0 war axe
rCold   . . .      Faith    +   c - +0 buckler
rNeg    . . .      Spirit   .   q - +0 plate armour
rPois   .          Reflect  .   (helmet restricted)
rElec   .          Harm     .   (no cloak)
rCorr   .          Rampage  .   (no gloves)
Will    .....                   k - +2 pair of boots {Fly}
Stlth   ..........              E - amulet of faith
HPRegen 0.22/turn               B - +6 ring of strength
MPRegen 0.11/turn               (no ring)

@: flying
A: horns 2, retaliatory headbutt, see invisible, frail 1, shaggy fur 1
a: no special abilities


You were on level 6 of the Dungeon.
You visited 1 branch of the dungeon, and saw 6 of its levels.
You also visited: Ossuary.

You collected 333 gold pieces.

Inventory:

Hand Weapons
 a - a +0 war axe (weapon)
Missiles
 f - 4 atropa-tipped darts (quivered)
Armour
 c - a +0 buckler (worn)
 i - a +1 scale mail of fire resistance
 k - a +2 pair of boots of flying (worn)
 q - a +0 plate armour (worn)
Jewellery
 B - a +6 ring of strength (left hand)
 E - an amulet of faith (around neck)
Wands
 h - a wand of mindburst (18)
 C - a wand of polymorph (6)
 D - a wand of light (5)
Scrolls
 g - 3 scrolls of amnesia
 j - 3 scrolls of silence
 l - 2 scrolls of teleportation
 n - 2 scrolls of torment
 o - a scroll of enchant armour
 s - 4 scrolls of noise {unknown}
 t - a scroll of magic mapping {unknown}
 v - 3 scrolls of fog {unknown}
 w - a scroll of identify
 y - a scroll of vulnerability {unknown}
Potions
 b - a potion of attraction {unknown}
 d - a potion of might
 e - a potion of magic {unknown}
 m - 2 potions of mutation
 p - 2 potions of heal wounds
 r - 2 potions of brilliance {unknown}
 u - 2 potions of degeneration {unknown}
 x - 2 potions of haste {unknown}
 z - 2 potions of curing {unknown}
 A - 2 potions of berserk rage {unknown}


   Skills:
 + Level 8.2 Fighting
 + Level 7.6 Axes
 + Level 8.1 Armour
 + Level 8.1 Shields


You had 8 spell levels left.
You didn't know any spells.
Your spell library contained the following spells:

 Spells                   Type           Power      Damage    Failure   Level
 Conjure Ball Lightning   Conj/Air       0%         3x3d6     100%        6
 Discord                  Hex            0%         N/A       100%        8
 Disjunction              Tloc           0%         N/A       100%        8


Dungeon Overview and Level Annotations

Branches:
Dungeon (6/15)             Temple (0/1) D:6         Ossuary (visited)

Altars:
Cheibriados
Elyvilon
Makhleb
Qazlal
Trog
Wu Jian


Innate Abilities, Weirdness & Mutations

You have a pair of horns on your head.
You reflexively headbutt those who attack you in melee.
You have supernaturally acute eyesight. (SInv)
You are frail. (-10% HP)
You are covered in fur. (AC +1)


Message History

You slash the yak!
You kill the yak!
The yak gores you but does no damage. The yak barely misses you.
Your Fighting skill increases to level 8!
Your Armour skill increases to level 8!
Your Shields skill increases to level 8!
You have reached level 9!
Your experience leads to an increase in your attributes!
Your base attributes are Str 23, Int 5, Dex 10.
Increase (S)trength, (I)ntelligence, or (D)exterity?
You feel stronger. x2
You hit the yak.
The yak is severely wounded.
You barely miss the yak. x2; The yak gores you but does no damage. x2
The yak closely misses you.
You slash the yak!
You kill the yak!
You hit the yak but do no damage. You hit the yak. You block the yak's attack.
The yak gores you.
Unknown command.
You hit the yak.
The yak is lightly wounded.
You barely miss the yak. You hit the yak. The yak gores you!
The yak gores you but does no damage. You block the yak's attack.
You hit the yak but do no damage.
The yak is lightly wounded.
You closely miss the yak. You hit the yak.
The yak gores you but does no damage. The yak gores you.
The yak closely misses you.
Unknown command.
You hit the yak but do no damage.
The yak is lightly wounded.
You hit the yak. You slash the yak! You block the yak's attack.
The yak gores you but does no damage. x5
You slash the yak! You headbutt the yak!
The yak is heavily wounded.
You slash the yak! You barely miss the yak. The yak gores you!
* * * LOW HITPOINT WARNING * * *
The yak gores you!
You die...

###########
#.........#
#.........#
#.........#
#.........####
###............#
#.....$.YYY.# ##
#........@# ###.
#......!..# #####...
#.........# .....##
#####..##.# ##+###
##..#. #.....####⌠.⌠#
##.....
###......+.>.###.....#
##.....####⌠.⌠
#......# #..##### ###
#.......
#######.###### #.#
#..##...


You could see 3 yaks.

Vanquished Creatures
  The ghost of Uniporpoise the Insei, a novice OpTm of Sif Muna (D:5)
  A troll (D:6)
  3 yaks (D:6)
  2 ice beasts (D:6)
  A black bear (D:5)
  An ogre (D:4)
  A kobold brigand (D:5)
  3 scorpions
  3 water moccasin zombies (Ossuary)
  3 jellies
  A hound (D:4)
  An orc priest (D:3)
  3 orc wizards
  2 mummies (Ossuary)
  8 adders
  An ufetubus (D:4)
  An adder zombie (Ossuary)
  A worm (D:2)
  3 dart slugs (D:4)
  11 orcs
  10 endoplasms
  4 giant cockroaches
  6 goblins
  4 hobgoblins
  7 jackals
  15 kobolds
  2 quokkas
  5 ball pythons
  3 bats
  6 frilled lizards
  4 gnoll zombies (Ossuary)
  10 hobgoblin zombies (Ossuary)
  5 kobold zombies (Ossuary)
  5 orc zombies (Ossuary)
  A quokka zombie (D:5)
  5 rats
  A rat zombie (D:5)
144 creatures vanquished.

Vanquished Creatures (others)
  An orc wizard (D:5)
  2 fungi (D:5)
  2 plants (D:5)
5 creatures vanquished.

Grand Total: 149 creatures vanquished

Notes
Turn   | Place    | Note
-------+----------+-------------------------------------------
     0 | D:1      | Arctor the Minotaur Fighter began the quest for the Orb.
     0 | D:1      | Reached XP level 1. HP: 19/19 MP: 0/0
    80 | D:1      | Reached XP level 2. HP: 27/27 MP: 1/1
   187 | D:1      | Found a faded altar of an unknown god.
   817 | D:2      | Reached XP level 3. HP: 33/33 MP: 2/2
  1811 | D:3      | Found a white marble altar of Elyvilon.
  1875 | D:3      | Reached XP level 4. HP: 41/41 MP: 3/3
  2283 | D:3      | Found a bloodstained altar of Trog.
  2283 | D:3      | Found an ornate altar of the Wu Jian Council.
  2377 | D:4      | Reached XP level 5. HP: 47/47 MP: 4/4
  2386 | D:4      | Found a burning altar of Makhleb.
  2386 | D:4      | Found a snail-covered altar of Cheibriados.
  2495 | D:4      | Reached skill level 5 in Fighting
  2495 | D:4      | Reached skill level 5 in Armour
  2509 | D:4      | Reached skill level 5 in Shields
  3211 | D:4      | Noticed an ogre
  3216 | D:4      | Killed an ogre
  3217 | D:4      | Reached XP level 6. HP: 27/56 MP: 5/5
  3452 | D:4      | Found a stormy altar of Qazlal.
  3473 | D:5      | Entered Level 5 of the Dungeon
  3651 | D:5      | Found a sand-covered staircase.
  3659 | Ossuary  | Entered an ossuary
  3678 | Ossuary  | Reached skill level 5 in Axes
  3678 | Ossuary  | Reached XP level 7. HP: 57/62 MP: 6/6
  4185 | D:5      | Found a runed translucent gate.
  4186 | D:5      | Found a runed translucent gate.
  4186 | D:5      | Noticed Uniporpoise's ghost (novice OpTm)
  4187 | D:5      | Found a runed translucent gate.
  4324 | D:5      | Gained mutation: You are covered in fur. (AC +1) [potion of
                  | mutation]
  4324 | D:5      | Gained mutation: You are frail. (-10% HP) [potion of
                  | mutation]
  4324 | D:5      | Gained mutation: You have supernaturally acute eyesight.
                  | (SInv) [potion of mutation]
  4332 | D:5      | Killed Uniporpoise's ghost
  4333 | D:5      | Reached XP level 8. HP: 23/63 MP: 7/7
  4944 | D:6      | Noticed a troll
  4958 | D:6      | Killed a troll
  5188 | D:6      | Found a staircase to the Ecumenical Temple.
  5241 | D:6      | Reached XP level 9. HP: 36/72 MP: 8/8
  5246 | D:6      | Slain by a yak

Illustrated notes

Levels and vault maps discovered:
D:1:      minmay_arrival_up_and_down, layout_loops_ring,
          shapermc_ecumenical_altar_totnotflames
D:2:      layout_basic, patterned_corridor
D:3:      layout_rooms, amcnicky_altar_gilded, amethyst_overflow_temple_binary
D:4:      layout_loops_corners, chequers_temple_overflow_statue_of_worship,
          lemuel_tele_altar, minmay_fractal_squares_diagonal_5
D:5:      layout_loops_ring, enter_ossuary_4, gammafunk_ghost_nasty_kobolds
D:6:      layout_rooms, temple_doors_cd, minmay_misc_feat_encased

Skill      XL: |  1  2  3  4  5  6  7  8 |
---------------+-------------------------+-----
Armour         | 4 5 6 8 |  8.1
Fighting       | 4 5 6 8 |  8.2
Shields        | 4 5 6 8 |  8.1
Axes           | 3 4 5 6 7 |  7.6

Action                   |  1- 3 |  4- 6 |  7- 9 || total
-------------------------+-------+-------+-------++-------
Melee: War axe           |    80 |   104 |   159 ||   343
       Headbutt          |    10 |    14 |    29 ||    53
  Use: Potion            |       |       |     3 ||     3
       Scroll            |       |       |     8 ||     8
Armor: Scale mail        |    26 |       |       ||    26
       Plate armour      |     9 |    73 |   121 ||   203
Dodge: Dodged            |    37 |    29 |    54 ||   120
Block: Buckler           |    20 |    25 |    25 ||    70
